 Dungeon Crawl Stone Soup version 0.29-a0-542-g075992c915 (webtiles) character file.

Game seed: 17343953410837583992

21 jt the Chopper (level 3, -1/31 HPs)
             Began as a Meteoran Cinder Acolyte on June 4, 2022.
             Was a High Priest of Ignis.
             Slain by a scorpion (6 damage)
             ... on level 3 of the Dungeon.
             The game lasted 00:03:47 (747 turns).

jt the Chopper (Meteoran Cinder Acolyte)             Turns: 747, Time: 00:03:52

Health: -1/31      AC:  3    Str: 17    XL:     3   Next: 17%
Magic:  6/6        EV: 11    Int: 16    God:    Ignis [*****.]
Gold:   102        SH:  0    Dex:  9    Spells: 2/4 levels left

rFire   + . .      SeeInvis .   a - -1 hand axe (flame)
rCold   . . .      Faith    .   (no shield)
rNeg    . . .      Spirit   .   j - +0 leather armour
rPois   .          Reflect  .   (no helmet)
rElec   .          Harm     .   (no cloak)
rCorr   .          Rampage  .   (no gloves)
Will    .....                   (no boots)
Stlth   ..........              h - amulet of magic regeneration
HPRegen 0.10/turn               (no ring)
MPRegen 0.50/turn               (no ring)

@: confused, lethally poisoned (-1 -> -14), glowing
A: sense surroundings 1, otherworldly, glowing, explore regen
a: Renounce Religion, Fiery Armour, Foxfire Swarm, Rising Flame


You were on level 3 of the Dungeon.
You worshipped Ignis.
Ignis was extremely pleased with you.
You visited 1 branch of the dungeon, and saw 4 of its levels.

You collected 102 gold pieces.

Inventory:

Hand Weapons
 a - a -1 hand axe of flaming (weapon)
Armour
 b - a +0 robe
 j - a +0 leather armour (worn)
 k - a +0 ring mail
Magical Staves
 e - a staff of cold
Jewellery
 h - an amulet of magic regeneration (around neck)
Wands
 i - a wand of flame (23)
Scrolls
 c - a scroll of teleportation
 d - a scroll of identify
 f - a scroll of amnesia
Potions
 g - a potion of invisibility


   Skills:
 - Level 3.2 Fighting
 + Level 4.8 Axes
 - Level 1.3 Spellcasting
 - Level 3.6 Fire Magic


You had 2 spell levels left.
You knew the following spells:

 Your Spells              Type           Power      Damage    Failure   Level
a - Scorch                Fire           24%        2d6       10%         2

Your spell library contained the following spells:

 Spells                   Type           Power      Damage    Failure   Level


Dungeon Overview and Level Annotations

Branches:
Dungeon (4/15)
 Temple: D:4-7

Altars:

Annotations:
D:3 1 runed translucent door, Crazy Yiuf


Innate Abilities, Weirdness & Mutations

You passively map a small area around you.
You are easily found by Zot.
You glow in the dark.
You regain HP and MP as you explore.


Message History

a +0 club; a +0 ring mail; a ball python corpse
k - a +0 ring mail An orc wizard and an orc come into view.
The orc wizard shouts!
The orc shouts!
You hear a shout!
A scorpion comes into view.
An orc comes into view. It is wielding a +0 whip.
The orc wizard casts a spell at you. You resist with some effort.
Casting: Scorch (safe; 10% risk of failure)
Confirm with . or Enter, or press ? or * to list all spells.
Flames lash the orc.
You kill the orc!
The orc wizard casts a spell at you.
You are confused.
You bump into the rock wall.
The orc wizard casts a spell at you.
You are more confused.
The scorpion stings you. The scorpion attacks as you move away!
The scorpion stings you. The scorpion stings you.
You are poisoned.
The scorpion poisons you! The scorpion barely misses you.
You feel very sick. The scorpion stings you.
You are lethally poisoned!
The scorpion poisons you!
You're too confused to move!
You feel very sick. The orc closely misses you. The scorpion stings you.
* * * LOW HITPOINT WARNING * * *
Okay, then.
Okay, then.
You are too confused!
You bump into the rock wall.
* * * LOW HITPOINT WARNING * * *
You feel very sick. The orc hits you with a +0 whip.
* * * LOW HITPOINT WARNING * * *
The scorpion stings you.
You die...

##############
####
####.............*
#...
.................
#... #............
#... * #.....o..#
######...
#....so#.#
#....#...
.....)..##@#.#
#....#... *
.......###.#.#
#....#... .......
#...######........
.......*
##..#....#....#...
* #####..
#..#.##.#....#...
..#
#..#.##.##'###...
,...*
*##.#)#.....# ####
, #...#.....## #.
* #..####....# #.


You could see a scorpion, an orc wizard and an orc.

Vanquished Creatures
  A dart slug (D:2)
  An orc (D:3)
  3 ball pythons
  3 hobgoblins
  2 quokkas (D:1)
  2 bats
  3 goblins
  A kobold (D:2)
  A rat (D:1)
17 creatures vanquished.

Notes
Turn   | Place    | Note
-------+----------+-------------------------------------------
     0 | D:1      | jt the Meteoran Cinder Acolyte began the quest for the Orb.
     0 | D:1      | Reached XP level 1. HP: 19/19 MP: 3/3
   121 | D:2      | Reached skill level 4 in Axes
   127 | D:2      | Reached XP level 2. HP: 15/26 MP: 5/5
   350 | D:1      | Found a faded altar of an unknown god.
   570 | D:4      | Noticed a hound
   586 | D:4      | HP: 1/26 [hound (2)]
   601 | D:4      | Noticed a scorpion
   631 | D:3      | Reached XP level 3. HP: 24/31 MP: 6/6
   637 | D:3      | Learned a level 2 spell: Scorch
   684 | D:3      | Found a runed translucent door.
   685 | D:3      | Noticed Crazy Yiuf
   735 | D:3      | Noticed a scorpion
   747 | D:3      | Slain by a scorpion

Illustrated notes

Levels and vault maps discovered:
D:1:      matt_arrival_refuge, layout_loops_corners, serial_shops, shop,
          dreamdust_ecumenical_altar_statues
D:2:      layout_rooms, dreamdust_princess_bridge, grunt_ministairs_13,
          minmay_fractal_squares_gapless_5
D:3:      layout_basic, uniq_crazy_yiuf_cottage
D:4:      minmay_bubble_buster, layout_loops_cross, ebering_ghost_rock_garden

Skill      XL: |  1 |
---------------+----+-----
Axes           | 4 |  4.8
Fighting       | |  3.2
Spellcasting   | |  1.3
Fire Magic     | |  3.6

Action                   || total
-------------------------++-------
Melee: Hand axe          ||    69
       Punch             ||     2
 Cast: Scorch            ||     1
  Use: Scroll            ||     2
       Potion            ||     1
Armor: Robe              ||    10
       Leather armour    ||     5
Dodge: Dodged            ||    38

Table legend: (Time is in decaauts)
 A = Elapsed time spent in this place.
 B = Non-inter-level travel time spent in this place.
 C = Inter-level travel time spent in this place.
 D = Time resting spent in this place.
 E = Time spent auto-exploring this place.
 F = Levels seen in this place.
 G = Mean time per level.
                   A        B        C        D        E       F      G
               +--------+--------+--------+--------+--------+-----+--------+
         Total |    752 |    724 |     28 |      0 |     53 |   4 |  188.0 |
       Dungeon |    752 |    724 |     28 |      0 |     53 |   4 |  188.0 |
               +--------+--------+--------+--------+--------+-----+--------+

Top non-repeatable levels by time:
     D:1: 280 daAuts
     D:2: 237 daAuts
     D:3: 184 daAuts
     D:4: 49 daAuts
